 Dungeon Crawl Stone Soup version 0.27.1-34-g3ba077fa99 (webtiles) character file.

Game seed: 16443593008822111432

277 iamoutofideas the Magician (level 6, -5/40 HPs)
             Began as a Djinni Fire Elementalist on Jan 12, 2022.
             Slain by a scorpion (9 damage)
             ... on level 4 of the Dungeon.
             The game lasted 00:05:04 (5668 turns).

iamoutofideas the Magician (DjFE)                   Turns: 5668, Time: 00:05:05

Health: -5/40      AC:  2    Str:  8    XL:     6   Next: 51%
Gold:   126        EV: 13    Int: 18    God:
                   SH:  0    Dex: 13

rFire    + + .     SeeInvis .   (no weapon)
rCold    x . .     Faith    .   (no shield)
rNeg     . . .     Spirit   .   a - +0 robe
rPois    ∞         Reflect  .   (no helmet)
rElec    .         Harm     .   (no cloak)
rCorr    .         Rampage  .   (no gloves)
Will     .....                  (boots unavailable)
Stlth    +.........             (no amulet)
HPRegen  0.13/turn              (no ring)
MPRegen  0.00/turn              (no ring)

@: lit by a corona, flying, glowing
A: sickness immunity, fire resistance 2, cold vulnerability 1, float, innate
caster, hp casting, extra vitality 1
a: no special abilities


You were on level 4 of the Dungeon.
You visited 1 branch of the dungeon, and saw 4 of its levels.

You collected 126 gold pieces.

Inventory:

Hand Weapons
 i - a +0 vorpal hand axe
Armour
 a - a +0 robe (worn)
Magical Staves
 c - a staff of cold
Scrolls
 b - 2 scrolls of summoning {unknown}
 e - a scroll of magic mapping {unknown}
 g - a scroll of blinking {unknown}
 h - 2 scrolls of identify {unknown}
 j - a scroll of enchant armour {unknown}
 k - a scroll of noise {unknown}
Potions
 d - a potion of curing {unknown}
 f - a potion of lignification {unknown}


   Skills:
 + Level 0.1 Fighting
 + Level 3.1 Dodging
 + Level 2.6 Stealth
 + Level 4.6 Spellcasting


You couldn't memorise any spells.
You knew the following spells:

 Your Spells              Type           Power      Damage    Failure   Level
a - Foxfire               Conj/Fire      80%        2x1d8     1%          1
b - Conjure Flame         Conj/Fire      20%        6-21      6%          3
c - Inner Flame           Hex/Fire       20%        N/A       6%          3
d - Sticky Flame          Conj/Fire      20%        2d4       21%         4
e - Fireball              Conj/Fire      10%        3d6       50%         5
f - Freeze                Ice            80%        1d9       1%          1
g - Passwall              Tmut/Erth      16%        N/A       3%          2
Your spell library was empty.

Dungeon Overview and Level Annotations

Branches:
Dungeon (4/15)
 Temple: D:4-7

Altars:


Innate Abilities, Weirdness & Mutations

You are immune to sickness and miasma.
You are immune to poison.
Your flesh is very heat resistant. (rF++)
You are vulnerable to cold. (rC-)
You float through the air rather than walking.
You learn spells naturally, not from books.
Your magical power is your life essence.
You have superior vitality. (+4 HP)


Message History

You conjure some foxfire!
The foxfire hits the gnoll.
The gnoll is lightly wounded.
The foxfire hits the gnoll.
The gnoll is severely wounded.
Unknown command.
Casting: Foxfire (safe; 1% risk of failure)
Confirm with . or Enter, or press ? or * to list all spells.
You conjure some foxfire!
The foxfire hits the gnoll.
You kill the gnoll!
The foxfire hits the gnoll shaman.
The gnoll shaman is lightly wounded.
Unknown command.
The foxfire hits the gnoll shaman!
The gnoll shaman is heavily wounded.
The gnoll shaman hits you with a +0 glaive!!
Ouch! That really hurt!
* * * LOW HITPOINT WARNING * * *
Your magical contamination has completely faded away.
Things that are here:
a +0 flail; a +0 club; a gnoll corpse
Casting: Foxfire (safe; 1% risk of failure)
Confirm with . or Enter, or press ? or * to list all spells.
Okay, then.
The foxfire hits the gnoll shaman!
The gnoll shaman is severely wounded.
The gnoll shaman barely misses you.
The gnoll shaman utters an invocation to its god.
The gnoll shaman is healed somewhat.
The gnoll shaman prays to its god.
The gnoll shaman is healed somewhat.
The gnoll shaman invokes the aid of its god against you.
You are outlined in light.
The scorpion stings you!
* * * LOW HITPOINT WARNING * * *
Really attack while wielding nothing? [Y]es or [N]o only, please.
Really attack while wielding nothing?
Okay, then.
The scorpion stings you!
You die...

#..<.#....#..§#.).#
#.#..+.#.#|#.##..##
#.### #
##.##.#[#.#.'..# #....
#.#...#....#..# #####
.##.#....#...#..#
#####
....#8..#...8#..#
#....
#..####+###...####.###
#....s....g........#
###..@######...#######
#^.#######..........
#..............#####
#####...#######....# #
..........)........# #
#..............># #
#.##.########...#####
#. #.# ####........
#.##.#####......#####


You could see a gnoll shaman and a scorpion.

Vanquished Creatures
  A howler monkey (D:4)
  A jelly (D:4)
  An orc wizard (D:3)
  4 gnolls (D:4)
  4 adders
  An ufetubus (D:4)
  A worm (D:2)
  5 dart slugs
  7 orcs (D:3)
  9 endoplasms
  7 giant cockroaches
  5 goblins
  3 hobgoblins
  2 jackals (D:1)
  7 kobolds
  4 quokkas
  4 ball pythons
  9 bats
  3 frilled lizards
  9 rats
87 creatures vanquished.

Vanquished Creatures (others)
  417 foxfires
417 creatures vanquished.

Grand Total: 504 creatures vanquished

Notes
Turn   | Place    | Note
-------+----------+-------------------------------------------
     0 | D:1      | iamoutofideas the Djinni Fire Elementalist began the quest
                  | for the Orb.
     0 | D:1      | Reached XP level 1. HP: 15/15 MP: 0/0
   324 | D:1      | Reached XP level 2. HP: 18/21 MP: 0/0
   893 | D:1      | Reached XP level 3. HP: 22/25 MP: 0/0
   893 | D:1      | Learned a level 1 spell: Freeze
  1203 | D:1      | Reached skill level 3 in Spellcasting
  1920 | D:2      | Reached XP level 4. HP: 16/31 MP: 0/0
  2735 | D:2      | Found a faded altar of an unknown god.
  3934 | D:3      | Reached XP level 5. HP: 28/35 MP: 0/0
  3934 | D:3      | Learned a level 2 spell: Passwall
  4863 | D:3      | Reached skill level 4 in Spellcasting
  5363 | D:4      | Reached XP level 6. HP: 36/40 MP: 0/0
  5668 | D:4      | Slain by a scorpion

Illustrated notes

Levels and vault maps discovered:
D:1:      elethiomel_arrival_shortcut, layout_loops_ring
D:2:      layout_loops_corners, shapermc_ecumenical_altar_mp_ritualfount,
          minivault_26
D:3:      layout_basic, minmay_misc_feat_square, kennysheep_generic_room_13
D:4:      layout_loops_ring, minivault_1, hex_medium, kennysheep_generic_room_3

Skill      XL: |  1  2  3  4  5 |
---------------+----------------+-----
Stealth        | 2 |  2.6
Spellcasting   | 3 4 |  4.6
Dodging        | 3 |  3.1
Fighting       | |  0.1

Action                   |  1- 3 |  4- 6 || total
-------------------------+-------+-------++-------
Melee: Unarmed           |     1 |       ||     1
 Cast: Foxfire           |   100 |   170 ||   270
       Sticky Flame      |       |     8 ||     8
Armor: Robe              |     2 |     4 ||     6
Dodge: Dodged            |     7 |    14 ||    21
